 Dungeon Crawl Stone Soup version 0.22-a0-812-g4c1e2d5471 (webtiles) character file.

163 Htamos the Conjurer (level 5, -17/38 HPs)
             Began as a Draconian Conjurer on July 23, 2018.
             Demolished by an ogre
             ... wielding a +0 giant club
              (25 damage)
             ... on level 4 of the Dungeon.
             The game lasted 00:04:50 (3081 turns).

Htamos the Conjurer (Draconian Conjurer)            Turns: 3081, Time: 00:04:51

Health: -17/38     AC:  5    Str: 10    XL:     5   Next: 20%
Magic:  5/10       EV: 13    Int: 17    God:
Gold:   193        SH:  0    Dex: 11    Spells: 10/11 levels left

rFire    . . .     SeeInvis .   a - +0 dagger
rCold    . . .     Gourm    .   (no shield)
rNeg     . . .     Faith    .   (armour unavailable)
rPois    .         Spirit   .   (helmet restricted)
rElec    .         Reflect  .   (no cloak)
rCorr    .         Harm     .   (no gloves)
MR       .....                  (no boots)
Stlth    ++........             (no amulet)
HPRegen  0.12/turn              (no ring)
MPRegen  0.12/turn              (no ring)

@: no status effects
A: unfitting armour, cold-blooded, AC +5
a: no special abilities


You were on level 4 of the Dungeon.
You were not hungry.

You visited 1 branch of the dungeon, and saw 4 of its levels.

You collected 193 gold pieces.

Inventory:

Hand Weapons
 a - a +0 dagger (weapon)
Armour
 i - a +0 ring mail
Jewellery
 m - an uncursed ring of magical power {unknown}
 q - a cursed ring of teleportation {unknown}
Scrolls
 c - 2 scrolls of remove curse {unknown}
 e - 2 scrolls of teleportation {unknown}
 h - 3 scrolls of identify {unknown}
 j - a scroll of amnesia {unknown}
 l - a scroll of noise {unknown}
 r - a scroll of magic mapping {unknown}
Potions
 d - 2 potions of flight {unknown}
 f - a potion of curing {unknown}
 g - 2 potions of haste {unknown}
 k - a potion of agility {unknown}
 n - a potion of brilliance {unknown}
 o - a potion of lignification {unknown}
 p - 2 potions of ambrosia {unknown}
 s - a potion of degeneration {unknown}
Comestibles
 b - 8 rations


   Skills:
 + Level 3.0 Dodging
 - Level 1.7 Stealth
 * Level 3.5 Spellcasting
 + Level 4.8 Conjurations


You had 10 spell levels left.
You knew the following spells:

 Your Spells              Type           Power        Failure   Level  Hunger
a - Magic Dart            Conj           ###.         2%          1    None

Your spell library contained the following spells:

 Spells                   Type           Power        Failure   Level  Hunger
 Conjure Flame            Conj/Fire      ##......     19%         3    ###....
 Slow                     Hex            #.......     26%         2    ##.....
 Mephitic Cloud           Conj/Pois/Air  #.......     26%         3    ###....
 Blink                    Tloc           N/A          26%         2    ##.....
 Iskenderun's Mystic Bla  Conj           ###.....     22%         4    ####...
 Call Imp                 Summ           #.......     26%         2    ##.....
 Fulminant Prism          Conj/Hex       ##........   52%         4    ####...
 Dazzling Spray           Conj/Hex       ##....       19%         3    ###....
 Force Lance              Conj/Tloc      ##......     52%         4    ####...
 Searing Ray              Conj           ###...       3%          2    ##.....


Dungeon Overview and Level Annotations

Branches:
Dungeon (4/15)
 Temple: D:4-7

Altars:


Innate Abilities, Weirdness & Mutations

Your plain brown scales are hard. (AC +5)
You cannot fit into any form of body armour.
You are cold-blooded and may be slowed by cold attacks.


Message History

The magic dart hits the ogre.
The ogre is heavily wounded.
Casting: Magic Dart (safe; 2% risk of failure)
Confirm with . or Enter, or press ? or * to list all spells.
Aiming: Magic Dart (safe; 2% risk of failure)
Press: ? - help, Shift-Dir - straight line, f/p - ogre
Aim: an ogre, wielding a giant club (heavily wounded)
The magic dart hits the ogre.
The ogre is heavily wounded.
You closely miss the ogre. You tail-slap the ogre.
The ogre is severely wounded.
The ogre hits you with a giant club!
You closely miss the ogre.
The ogre is severely wounded.
The ogre hits you with a giant club!!
Ouch! That really hurt!
* * * LOW HITPOINT WARNING * * *
The ogre hits you with a giant club!!
Ouch! That really hurt!
You die...

.# #.# #.# #.#
#.## #.####
#....####
#.....@O####
#..###.....####
#..#
####.....#### #
#..##
####.....#..###
##..#
###.........
#..# ###...###.
#####..# .....#
#######......#
...(..§
#............#
.....≈≈


You could see an ogre.

Vanquished Creatures
  A scorpion (D:4)
  4 gnolls
  2 adders (D:2)
  A leopard gecko (D:1)
  An orc (D:3)
  A ball python (D:2)
  A giant cockroach (D:2)
  3 hobgoblins
  13 jackals
  4 kobolds
  A quokka (D:2)
  10 bats
  2 frilled lizards
  5 goblins
  3 rats
52 creatures vanquished.

Notes
Turn   | Place    | Note
-------+----------+-------------------------------------------
     0 | D:1      | Htamos the Draconian Conjurer began the quest for the Orb.
     0 | D:1      | Reached XP level 1. HP: 14/14 MP: 3/3
   263 | D:1      | Reached XP level 2. HP: 12/20 MP: 0/5
   780 | D:2      | Reached XP level 3. HP: 22/26 MP: 0/6
  1761 | D:3      | Reached XP level 4. HP: 33/33 MP: 1/8
  2922 | D:4      | Reached XP level 5. HP: 28/38 MP: 7/10
  3063 | D:4      | Noticed an ogre
  3081 | D:4      | Demolished by an ogre

Vault maps used:
D:1:      dpeg_arrival_short_road
D:3:      first_ration
D:4:      minmay_temple_entry_mist

Skill      XL: |  1  2  3  4 |
---------------+-------------+-----
Dodging        | 2 3 |  3.0
Spellcasting   | 3 |  3.5
Stealth        | |  1.7
Conjurations   | |  4.8

Action                   |  1- 3 |  4- 6 || total
-------------------------+-------+-------++-------
Melee: Dagger            |    63 |    37 ||   100
       Tailslap          |     4 |     5 ||     9
 Cast: Magic Dart        |    73 |    56 ||   129
 Stab: Sleeping          |     1 |       ||     1
  Eat: Chunk             |     3 |     2 ||     5
       Ration            |       |     1 ||     1
Armor: Skin              |    33 |     9 ||    42
Dodge: Dodged            |    80 |    52 ||   132

Table legend:
 A = Spawn XP
 B = Non-spawn XP
 C = Spawn XP percentage of total XP
 D = Spawn monster count
 E = Non-spawn monster count
 F = Spawn count percentage of total count
 G = Total turns spent on level
                    A         B        C        D         E        F      G
               +---------+---------+-------+---------+---------+-------+---------
         Total |       0 |     233 |   0.0 |       0 |      52 |   0.0 |  3081
               +---------+---------+-------+---------+---------+-------+---------
           D:1 |       0 |      28 |   0.0 |       0 |      16 |   0.0 |   755
           D:2 |       0 |      76 |   0.0 |       0 |      24 |   0.0 |   972
           D:3 |       0 |      59 |   0.0 |       0 |      11 |   0.0 |  1132
           D:4 |       0 |      70 |   0.0 |       0 |       1 |   0.0 |   222
               +---------+---------+-------+---------+---------+-------+---------
